 Dungeon Crawl Stone Soup version 0.22-a0-422-g9628fc8 (webtiles) character file.

161 Jynxie the Skirmisher (level 5, -7/33 HPs)
             Began as a Tengu Abyssal Knight on May 22, 2018.
             Was a Priest of Lugonu.
             Killed by divine providence
             ... invoked by an orc priest
              (8 damage)
             ... on level 4 of the Dungeon.
             The game lasted 00:07:52 (1830 turns).

Jynxie the Skirmisher (Tengu Abyssal Knight)        Turns: 1830, Time: 00:07:52

Health: -7/33      AC:  5    Str: 13    XL:     5   Next: 42%
Magic:  7/7        EV: 10    Int: 13    God:    Lugonu [***...]
Gold:   179        SH:  0    Dex: 13    Spells: 4/4 levels left

rFire    . . .     SeeInvis .   a - +2 hand axe
rCold    . . .     Gourm    .   (no shield)
rNeg     . . .     Faith    .   d - +0 ring mail
rPois    .         Spirit   .   (helmet restricted)
rElec    +         Reflect  .   (no cloak)
rCorr    .         Harm     .   (no gloves)
MR       +....                  (boots unavailable)
Stlth    +.........             (no amulet)
HPRegen  0.11/turn              k - ring of protection from magic
MPRegen  0.10/turn              (no ring)

@: no status effects
A: beak, talons 3, mutation resistance 1, electricity resistance, able to fly 1
a: Fly, Depart the Abyss, Bend Space, Banish, Renounce Religion


You were on level 4 of the Dungeon.
You worshipped Lugonu.
Lugonu was most pleased with you.
You were not hungry.

You visited 1 branch of the dungeon, and saw 4 of its levels.
You visited the Abyss 1 time.

You collected 179 gold pieces.

Inventory:

Hand Weapons
 a - a +2 hand axe (weapon)
Armour
 b - a +0 leather armour
 d - a +0 ring mail (worn)
Jewellery
 k - a ring of protection from magic (left hand)
 o - an uncursed ring of wizardry {unknown}
Wands
 l - a wand of digging (13)
Scrolls
 e - 2 scrolls of identify
 f - a scroll of enchant armour {unknown}
 m - a scroll of amnesia
 p - a scroll of teleportation
Potions
 g - 2 potions of resistance {unknown}
 i - a potion of heal wounds {unknown}
 j - a potion of flight
 n - a potion of haste {unknown}
 q - a potion of might
Comestibles
 c - 7 rations


   Skills:
 * Level 4.2 Fighting
 * Level 4.0 Axes
 - Level 2.3 Armour
 - Level 1.3 Dodging
 + Level 2.5 Invocations


You had 4 spell levels left.
You didn't know any spells.
Your spell library was empty.

Dungeon Overview and Level Annotations

Branches:
Dungeon (4/15)
 Temple: D:4-7

Altars:
Fedhas
Makhleb
Qazlal
Vehumet
Wu Jian
The Shining One


Innate Abilities, Weirdness & Mutations

You have a beak for a mouth.
You have claws for feet.
You can fly.
You are somewhat resistant to further mutation.
You are resistant to electric shocks. (rElec)


Message History

An orc comes into view. It is wielding a mace.
The orc shouts!
The orc priest calls down the wrath of Beogh upon you.
Beogh smites you!
* * * LOW HITPOINT WARNING * * *
You see here a jackal corpse.
You are too injured to fight recklessly!
You are too injured to fight recklessly!
You are too injured to fight recklessly!
You are too injured to fight recklessly!
You feel better.
The orc priest invokes the aid of Beogh against you.
Beogh smites you!
* * * LOW HITPOINT WARNING * * *
The bullfrog skeleton hits you but does no damage.
There is an open door here.
The orc hits you but does no damage.
The orc priest mumbles some strange prayers to Beogh against you.
Beogh smites you!
You die...

######### ###### #........
.....######## #........
.....'....... +........
.....######## #........
.....###############.o......
.....'..........@o.Zso......
.....###############o.......
.....# #........ .....#
##+#.#... ##'#.######### .#
## #.#.......... .
##.########### #
.............
##.#.######.###########.#


You could see a scorpion, an orc priest, 3 orcs and a bullfrog skeleton.

Vanquished Creatures
  An orc priest (D:3)
  4 adders
  An adder skeleton (D:4)
  A worm (D:2)
  3 dart slugs
  A leopard gecko (D:1)
  3 orcs (D:3)
  6 giant cockroaches
  10 goblins
  5 hobgoblins
  15 jackals
  2 quokkas
  7 bats
  3 frilled lizards
  5 kobolds (D:1)
  11 rats
78 creatures vanquished.

Notes
Turn   | Place    | Note
-------+----------+-------------------------------------------
     0 | Abyss:1  | Jynxie the Tengu Abyssal Knight began the quest for the Orb.
     0 | Abyss:1  | Reached XP level 1. HP: 14/14 MP: 3/3
     0 | D:1      | Escaped the Abyss
    15 | D:1      | Reached * piety under Lugonu
    55 | D:1      | Reached XP level 2. HP: 19/19 MP: 4/4
   272 | D:1      | Reached XP level 3. HP: 21/23 MP: 5/5
   421 | D:1      | Reached ** piety under Lugonu
   687 | D:2      | Reached XP level 4. HP: 22/29 MP: 6/6
   714 | D:2      | Found a burning altar of Makhleb.
   714 | D:2      | Found a radiant altar of Vehumet.
  1228 | D:3      | Found an ornate altar of the Wu Jian Council.
  1233 | D:3      | Found a glowing golden altar of the Shining One.
  1368 | D:3      | Gained mutation: Your body sometimes deteriorates upon taking damage. [potion of mutation]
  1368 | D:3      | Gained mutation: You are resistant to electric shocks. (rElec) [potion of mutation]
  1368 | D:3      | Lost mutation: Your body sometimes deteriorates upon taking damage. [potion of mutation]
  1368 | D:3      | Gained mutation: You are somewhat resistant to further mutation. [potion of mutation]
  1386 | D:3      | Gained mutation: You can fly. [Tengu growth]
  1386 | D:3      | Reached XP level 5. HP: 33/33 MP: 7/7
  1482 | D:3      | Found a blossoming altar of Fedhas.
  1577 | D:3      | Reached *** piety under Lugonu
  1582 | D:3      | Found a stormy altar of Qazlal.
  1826 | D:4      | HP: 1/33 [orc priest/divine providence (13)]
  1830 | D:4      | Killed from afar by an orc priest

Vault maps used:
D:1:      eino_arrival_water_cross, minmay_pentomino_v2
D:2:      gammafunk_temple_overflow_pools
D:3:      grunt_temple_overflow_forces_of_nature, grunt_temple_overflow_open,
          first_ration
D:4:      serial_shops, shop, grunt_ministairs_11, uniq_sigmund, uniq_pikel

Skill      XL: |  1  2  3  4  5 |
---------------+----------------+-----
Invocations    | 2 |  2.5
Axes           | 3 4 |  4.0
Fighting       | 4 |  4.2
Armour         | |  2.3
Dodging        | |  1.3

Action                   |  1- 3 |  4- 6 || total
-------------------------+-------+-------++-------
Melee: Hand axe          |    83 |    64 ||   147
       Kick              |    18 |     9 ||    27
       Peck              |    10 |     7 ||    17
Invok: Depart the Abyss  |     1 |       ||     1
  Use: Scroll            |       |     6 ||     6
       Potion            |       |     4 ||     4
  Eat: Chunk             |       |     3 ||     3
Armor: Leather armour    |    29 |     4 ||    33
       Ring mail         |       |    21 ||    21
Dodge: Dodged            |    69 |    37 ||   106

Table legend:
 A = Spawn XP
 B = Non-spawn XP
 C = Spawn XP percentage of total XP
 D = Spawn monster count
 E = Non-spawn monster count
 F = Spawn count percentage of total count
 G = Total turns spent on level
                    A         B        C        D         E        F      G
               +---------+---------+-------+---------+---------+-------+---------
         Total |       0 |     230 |   0.0 |       0 |      78 |   0.0 |  1830
               +---------+---------+-------+---------+---------+-------+---------
           D:1 |       0 |      59 |   0.0 |       0 |      34 |   0.0 |   463
           D:2 |       0 |      62 |   0.0 |       0 |      15 |   0.0 |   759
           D:3 |       0 |      98 |   0.0 |       0 |      25 |   0.0 |   514
           D:4 |       0 |      11 |   0.0 |       0 |       4 |   0.0 |    94
               +---------+---------+-------+---------+---------+-------+---------
